 Dungeon Crawl Stone Soup version 0.25.1-2-g60ff931df9 (webtiles) character file.

Game seed: 3096580892091758872

380 HawFromDerth the Conjurer (level 6, -1/28 HPs)
             Began as a Spriggan Conjurer on Sept 20, 2020.
             Was an Initiate of Qazlal.
             Slain by a bullfrog (3 damage)
             ... on level 6 of the Dungeon.
             The game lasted 00:15:18 (4894 turns).

HawFromDerth the Conjurer (Spriggan Conjurer)       Turns: 4894, Time: 00:15:18

Health: -1/28      AC:  5    Str:  4    XL:     6   Next: 46%
Magic:  0/14       EV: 18    Int: 19    God:    Qazlal [......]
Gold:   178        SH:  0    Dex: 16    Spells: 7/14 levels left

rFire    . . .     SeeInvis +   (weapon restricted)
rCold    . . .     Gourm    .   (shield restricted)
rNeg     . . .     Faith    .   a - +1 robe
rPois    +         Spirit   .   (helmet restricted)
rElec    .         Reflect  .   e - +0 cloak
rCorr    .         Harm     .   (gloves unavailable)
MR       +....                  (boots unavailable)
Stlth    ++........             l - amulet of the acrobat
HPRegen  0.09/turn              (no ring)
MPRegen  0.14/turn              (no ring)

@: drained, very quick
A: very small, unfitting armour, see invisible, herbivore, speed 3, poison
resistance, shaggy fur 1, slow metabolism 2
a: Renounce Religion


You were on level 6 of the Dungeon.
You worshipped Qazlal.
Qazlal was noncommittal.
You were very hungry.

You visited 1 branch of the dungeon, and saw 5 of its levels.

You collected 178 gold pieces.

Inventory:

Armour
 a - a +1 robe (worn)
 e - a +0 cloak (worn)
Jewellery
 l - an amulet of the acrobat (around neck)
 n - an uncursed amulet of guardian spirit {unknown}
Wands
 h - a wand of acid (18)
Scrolls
 d - 4 scrolls of teleportation
 f - a scroll of enchant armour
 g - a scroll of remove curse
 k - a scroll of fog {unknown}
 m - 3 scrolls of identify
Potions
 b - a potion of resistance {unknown}
 i - 3 potions of curing
 j - a potion of stabbing
Comestibles
 c - 2 rations


   Skills:
 + Level 3.5(2.8) Dodging
 + Level 4.0(3.2) Stealth
 + Level 4.7(3.9) Spellcasting
 + Level 5.0(4.3) Conjurations


You had 7 spell levels left.
You knew the following spells:

 Your Spells              Type           Power        Failure   Level  Hunger
a - Magic Dart            Conj           ###.         2%          1    None
b - Searing Ray           Conj           ###...       3%          2    ##.....
c - Fulminant Prism       Conj/Hex       ##........   50%         4    ####...

Your spell library contained the following spells:

 Spells                   Type           Power        Failure   Level  Hunger
 Dazzling Flash           Conj/Hex       ##....       17%         3    ###....
 Iskenderun's Mystic Bla  Conj/Tloc      ##......     50%         4    ####...


Dungeon Overview and Level Annotations

Branches:
Dungeon (6/15)
 Temple: D:4-7

Altars:
Qazlal
Wu Jian
Yredelemnul


Innate Abilities, Weirdness & Mutations

You are very small and have problems with some larger weapons.
You are too small for most types of armour.
You have supernaturally acute eyesight. (SInv)
You are a herbivore.
You cover ground extremely quickly.
You need to consume almost no food.
Your system is resistant to poisons. (rPois)
You are covered in fur. (AC +1)


Message History

Unknown command.
The bullfrog completely misses you.
The howler monkey skeleton closely misses you.
The bullfrog barely misses you.
There is a stone staircase leading up here.
The bullfrog hits you.
* * * LOW HITPOINT WARNING * * *
Found 25 stones.
The bullfrog closely misses you.
Your magical contamination has completely faded away.
Found a stone staircase leading down.
Casting: Searing Ray (safe; 3% risk of failure)
Confirm with . or Enter, or press ? or * to list all spells.
Aiming: Magic Dart (safe; 2% risk of failure)
Press: ? - help, Shift-Dir - straight line, f/p - bullfrog
Aim: a bullfrog (severely wounded)
The magic dart hits the bullfrog.
The bullfrog is almost dead.
The bullfrog barely misses you. The bullfrog hits you.
You die...

#. #. .. #> #.
#. #.########
#.@FZ...)#
.....(........#
############..#
#.<# #..# #..#
#..# #..# #...


You could see a bullfrog and a howler monkey skeleton.

Vanquished Creatures
  A wyvern skeleton (D:4)
  A wight (D:4)
  An orc priest (D:4)
  A centaur skeleton (D:4)
  A bullfrog skeleton (D:4)
  An iguana (D:5)
  2 worker ants (D:4)
  Natasha (twice) (D:2)
  A mummy (D:4)
  A hound zombie (D:5)
  A worker ant zombie (D:5)
  6 gnolls
  3 adders
  2 shadow imps (D:4)
  An ooze (D:5)
  An adder skeleton (D:4)
  A dart slug (D:4)
  A leopard gecko (D:4)
  2 orcs
  A ball python (D:4)
  2 giant cockroaches
  5 goblins
  7 hobgoblins
  2 jackals (D:1)
  5 kobolds
  A quokka (D:2)
  5 bats
  4 frilled lizards
  4 rats
  A spectral orc (D:4)
67 creatures vanquished.

Vanquished Creatures (others)
  A fulminant prism (D:5)
1 creature vanquished.

Grand Total: 68 creatures vanquished

Notes
Turn   | Place    | Note
-------+----------+-------------------------------------------
     0 | D:1      | HawFromDerth the Spriggan Conjurer began the quest for the
                  | Orb.
     0 | D:1      | Reached XP level 1. HP: 9/9 MP: 5/5
    17 | D:1      | Reached skill level 3 in Conjurations
   317 | D:1      | Reached XP level 2. HP: 13/13 MP: 0/6
  1008 | D:1      | Reached XP level 3. HP: 16/16 MP: 0/8
  1487 | D:1      | Learned a level 2 spell: Searing Ray
  1788 | D:2      | Noticed Natasha
  1791 | D:2      | Killed Natasha
  1791 | D:2      | Reached XP level 4. HP: 21/21 MP: 5/10
  1975 | D:2      | Found an ornate altar of the Wu Jian Council.
  2016 | D:2      | Noticed Natasha
  2023 | D:2      | Killed Natasha
  2023 | D:2      | Reached skill level 4 in Conjurations
  2119 | D:2      | You fall into a shaft and drop 2 floors!
  2127 | D:4      | Found a basalt altar of Yredelemnul.
  2152 | D:4      | Became a worshipper of Yredelemnul the Dark
  2225 | D:4      | Reached XP level 5. HP: 23/24 MP: 3/11
  2408 | D:4      | Found a stormy altar of Qazlal.
  2430 | D:4      | Fell from the grace of Yredelemnul
  2430 | D:4      | Became a worshipper of Qazlal Stormbringer
  2683 | D:4      | Found a transporter.
  2688 | D:4      | Found a transporter.
  2927 | D:4      | Reached XP level 6. HP: 15/28 MP: 2/13
  3026 | D:4      | Gained mutation: You are covered in fur. (AC +1) [potion of
                  | mutation]
  3026 | D:4      | Gained mutation: Your system is resistant to poisons.
                  | (rPois) [potion of mutation]
  4254 | D:5      | Entered Level 5 of the Dungeon
  4313 | D:5      | Learned a level 4 spell: Fulminant Prism
  4488 | D:5      | Reached skill level 5 in Conjurations
  4851 | D:5      | Noticed a vampire
  4894 | D:6      | Slain by a bullfrog

Illustrated notes

Levels and vault maps discovered:
D:1:      tarquinn_simple_flora_water_d, layout_rooms, minmay_fountain_box
D:2:      layout_basic, marbit_many_paths, uniq_natasha, uniq_sigmund
D:4:      gammafunk_wand_slinger, layout_basic, kennysheep_little_box,
          yredelemnul_forgotten_temple_becter
D:5:      layout_cave_pools, minmay_temple_entry_trees,
          cheibrodos_sewer_entry_bend, nicolae_ossuary_entry_catacombs,
          minmay_tree_intersection
D:6:      layout_loops_ring, riverfiend_overflow_shadow_ancestor, serial_shops,
          shop

Skill      XL: |  1  2  3  4  5  6 |
---------------+-------------------+-----
Conjurations   | 3 4 5 |  5.0
Spellcasting   | 3 4 |  4.7
Stealth        | 4 |  4.0
Dodging        | |  3.5

Action                   |  1- 3 |  4- 6 || total
-------------------------+-------+-------++-------
Melee: Unarmed           |     3 |       ||     3
 Cast: Magic Dart        |    69 |    45 ||   114
       Searing Ray       |     4 |    35 ||    39
       Fulminant Prism   |       |     1 ||     1
  Use: Scroll            |     2 |     2 ||     4
       Potion            |     1 |     3 ||     4
  Eat: Ration            |       |     1 ||     1
Armor: Robe              |     1 |     2 ||     3
Dodge: Dodged            |    23 |    75 ||    98
